 Dungeon Crawl Stone Soup version 0.18.1-5-g4a78601 (webtiles) character file.

1967 Zhenya25pyc the Cudgeler (level 9, -2/56 HPs)
             Began as a Gargoyle Fighter on May 11, 2016.
             Was an Initiate of Okawaru.
             Slain by a killer bee (5 damage)
             ... on level 7 of the Dungeon.
             The game lasted 00:11:31 (5529 turns).

Zhenya25pyc the Cudgeler (Gargoyle Fighter)         Turns: 5529, Time: 00:11:32

Health: -2/56      AC: 17    Str: 22    XL:     9   Next: 19%
Magic:  18/18      EV:  8    Int:  9    God:    Okawaru [......]
Gold:   379        SH: 10    Dex: 10    Spells: 0 memorised, 8 levels left

rFire  + . .     SeeInvis .     a - +0 flail
rCold  . . .     Gourm    .     b - +0 scale mail
rNeg   + . .     Faith    .     c - +0 shield
rPois  ∞         Spirit   .     t - +0 helmet of the Cuttlefish {rElec MR+ MP+9 Slay+3} (curse)
rElec  +         Dismiss  +     x - +2 cloak
rCorr  .         Reflect  .     (no gloves)
SustAt .         Harm     .     (no boots)
MR     +....                    C - amulet of dismissal
Stlth  ..........               k - ring of protection from fire
                                l - ring of wizardry

@: somewhat resistant to hostile enchantments, extremely unstealthy
A: negative energy resistance 1, electricity resistance, unbreathing,
petrification resistance, rot immunity, AC +5
a: Renounce Religion


You were on level 7 of the Dungeon.
You worshipped Okawaru.
Okawaru was noncommittal.
You were very hungry.

You visited 2 branches of the dungeon, and saw 8 of its levels.
You also visited: Sewer.

You collected 379 gold pieces.

Inventory:

Hand Weapons
 a - a +0 flail (weapon)
Armour
 b - a +0 scale mail (worn)
 c - a +0 shield (worn)
 t - the cursed +0 helmet of the Cuttlefish (worn) {rElec MR+ MP+9 Slay+3}
   (You took it off Robin on level 3 of the Dungeon)

   It affects your accuracy and damage with ranged weapons and melee attacks
   (+3).
   It insulates you from electricity.
   It affects your resistance to hostile enchantments.
   It affects your magic capacity (+9).
   It has a curse placed upon it.
 x - a +2 cloak (worn)
 G - a +0 plate armour
Jewellery
 j - an uncursed ring of protection from cold
 k - a ring of protection from fire (right hand)
 l - a ring of wizardry (left hand)
 y - an uncursed ring of protection from cold
 C - an amulet of dismissal (around neck)
Wands
 r - a wand of enslavement (16/24)
 u - a wand of teleportation (5/9)
 F - a wand of random effects (26/48)
 I - a wand of random effects (32/48)
 L - a wand of random effects (15/48)
 N - a wand of iceblast (10/15)
 R - a wand of slowing (23/48)
 S - a wand of flame (22/48)
Scrolls
 e - 2 scrolls of remove curse {unknown}
 i - 6 scrolls of identify {unknown}
 n - 5 scrolls of random uselessness {unknown}
 w - 3 scrolls of immolation {unknown}
 A - a scroll of enchant weapon {unknown}
 D - 2 scrolls of teleportation {unknown}
 M - a scroll of silence {unknown}
 Q - a scroll of enchant armour {unknown}
 U - a scroll of noise {unknown}
Potions
 d - a potion of might
 h - 2 potions of cure mutation {unknown}
 p - 4 potions of heal wounds {unknown}
 q - 2 potions of curing {unknown}
 s - 2 potions of flight {unknown}
 v - 2 potions of brilliance {unknown}
 z - a potion of ambrosia {unknown}
 B - a potion of agility {unknown}
 E - 2 potions of haste {unknown}
 H - a potion of mutation {unknown}
 J - a potion of magic {unknown}
 K - 2 potions of lignification {unknown}
 O - a potion of berserk rage {unknown}
 P - a potion of degeneration {unknown}
Comestibles
 f - 7 bread rations
 g - a slice of pizza
 m - 2 meat rations
 o - a beef jerky


   Skills:
 + Level 6.3 Fighting
 * Level 7.9 Maces & Flails
 + Level 6.4 Armour
 + Level 6.7 Shields


You had 8 spell levels left.
You didn't know any spells.

Dungeon Overview and Level Annotations

Branches:
Dungeon (7/15)             Temple (1/1) D:6

Altars:
Ashenzari
Cheibriados
Dithmenos
Elyvilon
Fedhas
Gozag
Nemelex Xobeh
Okawaru
Pakellas
Qazlal
Ru
Sif Muna
Trog
Xom
Yredelemnul


Innate Abilities, Weirdness & Mutations

You are resistant to torment.
Your stone body is resilient (AC +5).
You are immune to poison.
You resist negative energy.
You are resistant to electric shocks.
You can survive without breathing.
You are immune to petrification.
You are immune to rotting.


Message History

The killer bee closely misses you.
The killer bee stings you but does no damage.
You barely miss the killer bee.
The killer bee is severely wounded.
The killer bee closely misses you. x2
Unknown command.
You sock the killer bee!
You kill the killer bee!
Okawaru accepts your kill. The killer bee barely misses you.
You completely miss the killer bee.
The killer bee is heavily wounded.
The killer bee stings you but does no damage.
The killer bee stings you.
* * * LOW HITPOINT WARNING * * *
You closely miss the killer bee.
The killer bee is heavily wounded.
The killer bee barely misses you. You block the killer bee's attack.
The killer bee stings you.
You die...

...#.....#.#
##.......#.####
##...........#.
#.............#
#[..........###
.######......>....#
..................#
####..y............
......#@##...........
.######y#..##........
#.y#...####....
#.##..... .#.
##†##...## #..##..(.#
#.##...... ##....# #
.###...####....


You could see 3 killer bees.

Vanquished Creatures
  Grinder (D:3)
  Eustachio (D:5)
  A hippogriff (D:4)
  Purgy (Sewer)
  An orc warrior (D:4)
  A black bear (D:6)
  An ice beast (D:5)
  2 ogres
  A centaur (D:5)
  A giant frog (D:6)
  A scorpion (D:4)
  3 killer bees (D:7)
  A howler monkey (D:4)
  A crimson imp (D:6)
  3 hounds
  A jelly (D:7)
  Crazy Yiuf (D:3)
  A giant frog skeleton (D:6)
  2 centaur skeletons
  Jessica (D:3)
  An iguana (D:4)
  2 worker ants (D:6)
  A hound zombie (D:5)
  A worker ant zombie (D:5)
  Robin (D:3)
  6 adders
  A river rat (D:4)
  An adder skeleton (D:6)
  An adder zombie (D:6)
  A worm (D:3)
  4 dart slugs
  7 giant geckos
  7 orcs
  2 ball pythons (D:3)
  13 bats
  6 giant cockroaches
  13 goblins
  15 hobgoblins
  6 jackals
  3 quokkas
  6 giant newts
  A jackal zombie (D:6)
  4 kobolds
  2 rats
131 creatures vanquished.

Notes
Turn   | Place    | Note
--------------------------------------------------------------
     0 | D:1      | Zhenya25pyc the Gargoyle Fighter began the quest for the Orb.
     0 | D:1      | Reached XP level 1. HP: 14/14 MP: 1/1
   106 | D:1      | Reached XP level 2. HP: 18/19 MP: 2/2
   280 | D:1      | Reached skill level 3 in Maces & Flails
   341 | D:1      | Reached XP level 3. HP: 22/23 MP: 3/3
  1176 | D:2      | Reached XP level 4. HP: 28/28 MP: 4/4
  1374 | D:3      | Noticed Grinder
  1383 | D:3      | Paralysed by Grinder for 7 turns
  1772 | D:3      | Noticed Jessica
  1789 | D:3      | Killed Jessica
  1789 | D:3      | Reached XP level 5. HP: 15/33 MP: 5/5
  1958 | D:3      | Noticed Robin
  2010 | D:3      | Killed Robin
  2010 | D:3      | Reached skill level 4 in Maces & Flails
  2018 | D:3      | Got a warped helmet
  2024 | D:3      | Identified the cursed +0 helmet of the Cuttlefish {rElec MR+ MP+9 Slay+3} (You took it off Robin on level 3 of the Dungeon)
  2205 | D:3      | Killed Grinder
  2205 | D:3      | Reached skill level 5 in Maces & Flails
  2205 | D:3      | Reached XP level 6. HP: 26/38 MP: 6/6
  2506 | D:3      | Noticed Crazy Yiuf
  2514 | D:3      | Killed Crazy Yiuf
  2644 | D:4      | Noticed a hippogriff
  2654 | D:4      | Killed a hippogriff
  2654 | D:4      | Reached XP level 7. HP: 40/44 MP: 7/7
  2783 | D:4      | Reached skill level 5 in Shields
  2870 | D:4      | Found a glowing drain.
  2874 | Sewer    | Entered a sewer
  2896 | Sewer    | Noticed Purgy
  2935 | Sewer    | Killed Purgy
  2935 | Sewer    | Reached skill level 5 in Armour
  3012 | D:4      | Reached skill level 5 in Fighting
  3012 | D:4      | Reached skill level 6 in Maces & Flails
  3021 | D:4      | Reached XP level 8. HP: 28/49 MP: 8/8
  3592 | D:5      | Entered Level 5 of the Dungeon
  3678 | D:5      | Noticed Eustachio
  3726 | D:5      | Killed Eustachio
  3726 | D:5      | Reached skill level 7 in Maces & Flails
  3835 | D:5      | Found a shattered altar of Ashenzari.
  4419 | D:6      | Found a staircase to the Ecumenical Temple.
  4425 | Temple   | Entered the Ecumenical Temple
  4673 | Temple   | Became a worshipper of Warmaster Okawaru
  4967 | D:6      | Found a white marble altar of Elyvilon.
  5007 | D:6      | Reached XP level 9. HP: 55/55 MP: 9/9
  5034 | D:6      | Found a shimmering altar of Xom.
  5522 | D:7      | HP: 2/55 [killer bee (4)]
  5528 | D:7      | HP: 2/56 [killer bee (1)]
  5529 | D:7      | Slain by a killer bee

Skill      XL: |  1  2  3  4  5  6  7  8 |
---------------+-------------------------+-----
Maces & Flails | 3 5 6 7 |  7.9
Shields        | 4 5 6 |  6.7
Fighting       | 4 5 6 |  6.3
Armour         | 4 5 6 |  6.4

Action                   |  1- 3 |  4- 6 |  7- 9 || total
-------------------------+-------+-------+-------++-------
Melee: Flail             |   152 |   204 |   296 ||   652
  Eat: Chunk             |     1 |     5 |     9 ||    15
Armor: Scale mail        |    96 |   128 |   243 ||   467
Dodge: Dodged            |    52 |    63 |   128 ||   243
Block: Shield            |    91 |    98 |   218 ||   407
